 Dungeon Crawl Stone Soup version 0.26.1-10-gdfb7c7de75 (webtiles) character file.

Game seed: 14986003851607389513

202 raph the Chiller (level 5, -1/28 HPs)
             Began as a Deep Elf Ice Elementalist on Apr 5, 2021.
             Was an Initiate of Vehumet.
             Slain by an ogre
             ... wielding a cursed -3 giant club
              (29 damage)
             ... on level 4 of the Dungeon.
             The game lasted 00:06:24 (3728 turns).

raph the Chiller (Deep Elf Ice Elementalist)        Turns: 3728, Time: 00:06:25

Health: -1/28      AC:  2    Str:  5    XL:     5   Next: 50%
Magic:  13/13      EV: 14    Int: 21    God:    Vehumet [......]
Gold:   108        SH:  0    Dex: 15    Spells: 1/12 levels left

rFire    . . .     SeeInvis .   a - +2 dagger (venom)
rCold    . . .     Faith    .   (no shield)
rNeg     . . .     Spirit   .   f - +0 robe
rPois    .         Reflect  .   (no helmet)
rElec    .         Harm     .   (no cloak)
rCorr    .         Rampage  .   (no gloves)
Will     .....                  (no boots)
Stlth    +++.......             e - amulet of regeneration
HPRegen  0.49/turn              (no ring)
MPRegen  0.13/turn              (no ring)

@: no status effects
A: no striking features
a: Renounce Religion


You were on level 4 of the Dungeon.
You worshipped Vehumet.
Vehumet was noncommittal.
You visited 2 branches of the dungeon, and saw 5 of its levels.

You collected 108 gold pieces.

Inventory:

Hand Weapons
 a - a +2 dagger of venom (weapon)
Armour
 f - a +0 robe (worn)
Jewellery
 e - an amulet of regeneration (around neck)
Scrolls
 c - a scroll of teleportation
 i - 2 scrolls of identify
Potions
 b - a potion of lignification {unknown}
 d - a potion of heal wounds
 h - a potion of brilliance
 k - 2 potions of flight


   Skills:
 + Level 3.7 Dodging
 + Level 4.0 Stealth
 + Level 4.4 Spellcasting
 * Level 5.8 Ice Magic


You had one spell level left.
You knew the following spells:

 Your Spells              Type           Power        Failure   Level
a - Freeze                Ice            100%         1%          1
b - Frozen Ramparts       Ice            58%          3%          3
c - Ozocubu's Armour      Ice            29%          3%          3
d - Summon Ice Beast      Ice/Summ       16%          34%         4

Your spell library contained the following spells:

 Spells                   Type           Power        Failure   Level
 Hailstorm                Conj/Ice       16%          34%         4


Dungeon Overview and Level Annotations

Branches:
Dungeon (4/15)             Temple (1/1) D:4

Altars:
Elyvilon
Fedhas
Kikubaaqudgha
Makhleb
Nemelex Xobeh
Qazlal
Sif Muna
Trog
Vehumet
Wu Jian
Xom
Yredelemnul
Zin


Message History

There is a fountain of clear blue water here.
Found three altars.
Found five altars.
Found three altars.
Found an ornate altar of the Wu Jian Council.
There is a burning altar of Makhleb here.
Partly explored, can't reach some places.
Partly explored, can't reach some places.
Partly explored, can't reach some places.
Partly explored, can't reach some places.
There is a radiant altar of Vehumet here.
There is a radiant altar of Vehumet here.
You kneel at the altar of Vehumet.
Vehumet welcomes you!
There is a staircase back to the Dungeon here.
You climb upwards.
Welcome back to the Dungeon!
A worm comes into view.
The ogre hits you with a cursed -3 giant club!!
Ouch! That really hurt!
You die...

.......#....########.,,,,,,*,,,,,
.......#.............,,,,,,*,,,,,
,......#..#.####.[.#**,,,,,*,,,,,
,......#..#.# #>..#,,.,,,,,,,>,,
,...####..#.####...##..,,,,*,,**,
,.....................,,,,,*,,**,
,,,,####..#........#*,,,**,*,,**,
,,,,*.....#....♣.♣.##...**,*,,**,
,,,,#.##.##.....@.......**,*,,**,
,,,,#,*#.*#....♣O♣..#)..**,*,,***
,,,,*,*#,*#........##***,,,,,,*
,,,,*,**,*#.......## ***,*,**,***
,,,,*,**,*#.......# *,,,*,**,,,,
*****,**,*#.......# *,***,******
*,,,,*#w####### *,* *,* *
******#.* *,* *,****** #,* *,*
*,,,,,,,


You could see an ogre and a worm (wandering).

Vanquished Creatures
  A quasit (D:3)
  An iguana (D:4)
  3 gnolls (D:2)
  4 adders
  An ufetubus (D:3)
  3 oozes
  A dart slug (D:4)
  A leopard gecko (D:1)
  A ball python (D:1)
  4 bats
  9 giant cockroaches
  6 goblins
  5 hobgoblins
  5 jackals
  2 quokkas (D:3)
  3 frilled lizards
  3 kobolds
  9 rats
62 creatures vanquished.

Notes
Turn   | Place    | Note
-------+----------+-------------------------------------------
     0 | D:1      | raph the Deep Elf Ice Elementalist began the quest for the
                  | Orb.
     0 | D:1      | Reached XP level 1. HP: 10/10 MP: 6/6
    76 | D:1      | Reached XP level 2. HP: 15/15 MP: 2/8
  1039 | D:1      | Reached XP level 3. HP: 18/19 MP: 5/9
  1408 | D:2      | Reached skill level 5 in Ice Magic
  1434 | D:2      | Learned a level 3 spell: Frozen Ramparts
  1438 | D:2      | Learned a level 3 spell: Ozocubu's Armour
  1449 | D:2      | Reached XP level 4. HP: 18/24 MP: 5/11
  2610 | D:3      | Found a sparkling altar of Nemelex Xobeh.
  2696 | D:2      | Learned a level 4 spell: Summon Ice Beast
  2888 | D:3      | Reached XP level 5. HP: 26/28 MP: 9/13
  3511 | D:4      | Found a staircase to the Ecumenical Temple.
  3514 | D:4      | Noticed an ogre
  3519 | Temple   | Entered the Ecumenical Temple
  3706 | Temple   | Became a worshipper of Vehumet
  3728 | D:4      | Slain by an ogre

Illustrated notes

Levels and vault maps discovered:
D:1:      enne_arrival_octagon_isle, layout_basic
D:2:      layout_loops_ring
D:3:      layout_loops_ring, lemuel_doored_altar
D:4:      layout_basic, minmay_temple_entry_trees
Temple:   minmay_temple_bridge_abc

Skill      XL: |  1  2  3  4  5 |
---------------+----------------+-----
Stealth        | 3 4 |  4.0
Dodging        | 3 |  3.7
Ice Magic      | 5 |  5.8
Spellcasting   | 4 |  4.4

Action                   |  1- 3 |  4- 6 || total
-------------------------+-------+-------++-------
Melee: Unarmed           |     2 |       ||     2
       Dagger            |     3 |    66 ||    69
 Cast: Freeze            |    41 |     4 ||    45
       Frozen Ramparts   |     2 |    12 ||    14
       Ozocubu's Armour  |       |     1 ||     1
  Use: Scroll            |       |    12 ||    12
 Stab: Sleeping          |     1 |     2 ||     3
Armor: Robe              |    12 |    13 ||    25
Dodge: Dodged            |    35 |    64 ||    99
